 Dungeon Crawl Stone Soup version 0.31-a0-986-g5e6e4ef867 (webtiles) character file.

Game seed: 15441651332819166343

162 dialectric the Ruffian (level 5, -8/49 HPs)
             Began as a Troll Shapeshifter on Nov 23, 2023.
             Mangled by a gnoll
             ... wielding a +0 halberd
              (10 damage)
             ... on level 3 of the Dungeon.
             The game lasted 00:01:16 (1390 turns).

dialectric the Ruffian (Troll Shapeshifter)         Turns: 1390, Time: 00:01:17

Health: -8/49      AC:  4    Str: 22    XL:     5   Next: 19%
Magic:  4/4        EV: 10    Int:  6    God:
Gold:   171        SH:  0    Dex: 11    Spells: 4/4 levels left

rFire   . .          .
                       - Unarmed
rCold   . . .        (no shield)
rNeg    . . .        a - +0 animal skin
rPois   .            (helmet currently unavailable)
rElec   .            (cloak currently unavailable)
rCorr   .            (gloves unavailable)
SInv    .            (boots unavailable)
Will    .....        (no amulet)
Stlth   +            (no ring)
HPRegen 1.08/turn    (no ring)
MPRegen 0.09/turn

%: no passive effects
@: beast-form
A: beast (slay +2), large, unfitting armour, claws 3, regeneration 1, shaggy fur
1, tough skin 1
a: Begin Untransformation


You were on level 3 of the Dungeon.
You were a hulking beast.
You visited 1 branch of the dungeon, and saw 3 of its levels.

You collected 171 gold pieces.

Inventory:

Missiles
 i - 4 poisoned darts (quivered)
Armour
 a - a +0 animal skin (worn)
Jewellery
 e - a ring of positive energy
Talismans
 c - a beast talisman
 d - a flux talisman
Scrolls
 f - a scroll of identify {unknown}
 j - a scroll of fear {unknown}
 k - a scroll of torment {unknown}
Potions
 b - a potion of lignification
 g - a potion of cancellation {unknown}
 h - a potion of degeneration {unknown}
 l - 2 potions of mutation {unknown}
 m - a potion of heal wounds {unknown}


   Skills:
 + Level 1.9 Fighting
 * Level 3.0 Dodging
 + Level 3.8 Unarmed Combat
 + Level 3.6 Shapeshifting


You had 4 spell levels left.
You didn't know any spells.
Your spell library contained the following spells:

 Spells                   Type           Power      Damage    Failure   Level
 Freeze                   Ice            0%         1d3       45%         1
 Frozen Ramparts          Ice            0%         1d1       83%         3
 Hailstorm                Conj/Ice       0%         3d3       83%         3
 Manifold Assault         Tloc           0%         N/A       99%         4
 Dispersal                Tloc           0%         N/A       100%        6
 Disjunction              Tloc           0%         N/A       100%        8


Dungeon Overview and Level Annotations

Branches:
Dungeon (3/15)

Altars:


Innate Abilities, Weirdness & Mutations

You are a hulking beast.
Your limbs bulge with bestial killing power. (Slay +2)
You are too large for most types of armour.
You have claws for hands.
Your natural rate of healing is unusually fast.
You are covered in fur. (AC +1)
You have tough skin. (AC +1)


Message History

The ufetubus hits you but does no damage.
The ufetubus closely misses you.
The ufetubus hits you but does no damage.
The ufetubus attacks as it pursues you! The ufetubus closely misses you.
The ufetubus barely misses you. The ufetubus hits you.
The ufetubus hits you but does no damage.
The ufetubus slips past you! The ufetubus hits you. The ufetubus misses you.
You claw the ufetubus!
You kill the ufetubus!
The ufetubus barely misses you. The ufetubus closely misses you.
The gnoll closely misses you. The ufetubus hits you.
The ufetubus closely misses you.
The ufetubus hits you but does no damage.
The ufetubus hits you.
Things that are here:
a +0 flail; a +0 spear; a gnoll corpse The gnoll attacks as it pursues you!
The gnoll closely misses you. The gnoll attacks as it pursues you!
The gnoll hits you from afar with a +0 halberd.
The ufetubus hits you. x2
The gnoll attacks as it pursues you! The gnoll barely misses you.
The ufetubus barely misses you. x2
The ufetubus attacks as it pursues you! The ufetubus barely misses you.
The ufetubus hits you but does no damage.
The ufetubus attacks as it pursues you!
The ufetubus hits you but does no damage.
The ufetubus hits you. The ufetubus closely misses you. The ufetubus hits you.
The ufetubus attacks as it pursues you! The ufetubus barely misses you.
The ufetubus hits you but does no damage.
The ufetubus attacks as it pursues you! The ufetubus hits you. x2
The gnoll attacks as it pursues you!
The gnoll hits you from afar with a +0 halberd!
* * * LOW HITPOINT WARNING * * *
The ufetubus closely misses you. The ufetubus hits you.
* * * LOW HITPOINT WARNING * * *
The ufetubus attacks as it pursues you! The ufetubus hits you.
* * * LOW HITPOINT WARNING * * *
The ufetubus misses you. The gnoll attacks as it pursues you!
The gnoll hits you from afar with a +0 halberd!
You die...

#......#.#
...#..##.########################
....>.......K...............†...>
...#........####.###.###########.
.#.#........# #K#...# #.
............####.#.#############.
................g..)..........##.
...............#5#.##########.##.
................h..†...... #.##.
$.....#######......##.#### #.##.
.....## #...<.....# #.##. ######
#......#### #.... #......+ ####.
#......# #. ######## #. #. #.


You could see a gnoll, an ufetubus and a kobold.

Vanquished Creatures
  A scorpion (D:3)
  2 gnolls (D:3)
  2 adders (D:2)
  An ufetubus (D:3)
  A worm (D:2)
  2 dart slugs
  3 ball pythons
  6 endoplasms
  6 giant cockroaches
  3 goblins
  4 hobgoblins
  4 jackals (D:3)
  A quokka (D:1)
  3 bats
  3 frilled lizards
  4 kobolds
  5 rats
51 creatures vanquished.

Notes
Turn   | Place    | Note
-------+----------+-------------------------------------------
     0 | D:1      | dialectric the Troll Shapeshifter began the quest for the
                  | Orb.
     0 | D:1      | Reached XP level 1. HP: 18/18 MP: 0/0
    71 | D:1      | Reached skill level 1 in Fighting
    78 | D:1      | Reached XP level 2. HP: 27/27 MP: 1/1
   331 | D:1      | Reached XP level 3. HP: 33/33 MP: 2/2
  1264 | D:3      | Noticed a scorpion
  1276 | D:3      | Killed a scorpion
  1277 | D:3      | Reached XP level 4. HP: 35/42 MP: 3/3
  1345 | D:3      | Reached XP level 5. HP: 44/49 MP: 4/4
  1390 | D:3      | HP: 2/49 [ufetubus (3)]
  1390 | D:3      | Mangled by a gnoll

Illustrated notes

Levels and vault maps discovered:
D:1:      matt_arrival_spirals, layout_rooms, minmay_worlds_worst_comb
D:2:      layout_loops_ring, minmay_pentomino_q4
D:3:      layout_basic, hellmonk_ecumenical_altar_crossroads,
          kennysheep_generic_room_4

Skill      XL: |  1  2  3  4  5 |
---------------+----------------+-----
Fighting       | 1 |  1.9
Dodging        | 2 3 |  3.0
Unarmed Combat | |  3.8
Shapeshifting  | |  3.6

Action                     |  1- 3 |  4- 6 || total
---------------------------+-------+-------++-------
  Melee: Unarmed           |    75 |    21 ||    96
   Stab: Sleeping          |       |     1 ||     1
 Armour: Animal skin       |    44 |    55 ||    99
  Dodge: Dodged            |    24 |    35 ||    59

Table legend: (Time is in decaauts)
 A = Elapsed time spent in this place.
 B = Non-inter-level travel time spent in this place.
 C = Inter-level travel time spent in this place.
 D = Time resting spent in this place.
 E = Time spent auto-exploring this place.
 F = Levels seen in this place.
 G = Mean time per level.
                   A        B        C        D        E       F      G
               +--------+--------+--------+--------+--------+-----+--------+
         Total |   1383 |   1339 |     44 |      0 |   1071 |   3 |  461.0 |
       Dungeon |   1383 |   1339 |     44 |      0 |   1071 |   3 |  461.0 |
               +--------+--------+--------+--------+--------+-----+--------+

Top non-repeatable levels by time:
     D:2: 714 daAuts
     D:1: 442 daAuts
     D:3: 226 daAuts
